 Dungeon Crawl Stone Soup version 0.29-a0-529-gfa20dd96a1 (console) character file.

Game seed: 10310719583505744228

46 om the Digger (level 3, 0/26 HPs)
             Began as a Ghoul Earth Elementalist on June 1, 2022.
             Slain by Robin
             ... wielding a +0 spear
              (4 damage)
             ... on level 1 of the Dungeon.
             The game lasted 00:04:14 (1088 turns).

om the Digger (Ghoul Earth Elementalist)            Turns: 1088, Time: 00:04:15

Health: 0/26       AC:  4    Str: 10 (11) XL:     3   Next: 68%
Magic:  3/5        EV: 12    Int: 12      God:
Gold:   56         SH:  0    Dex:  9      Spells: 4/7 levels left

rFire   . . .      SeeInvis .   (no weapon)
rCold   + . .      Faith    .   (no shield)
rNeg    + + +      Spirit   .   b - +0 robe
rPois   ∞          Reflect  .   g - +1 helmet
rElec   .          Harm     .   (no cloak)
rCorr   .          Rampage  .   (no gloves)
Will    .....                   (no boots)
Stlth   ++........              (no amulet)
HPRegen 0.00/turn               (no ring)
MPRegen 0.09/turn               (no ring)

@: inhibited regen
A: claws 1, cold resistance 1, negative energy resistance 3, inhibited
regeneration, torment resistance 2, devour on kill
a: no special abilities


You were on level 1 of the Dungeon.
You visited 1 branch of the dungeon, and saw 2 of its levels.

You collected 56 gold pieces.

Inventory:

Hand Weapons
 d - a +2 dagger of venom
Missiles
 a - 42 stones
Armour
 b - a +0 robe (worn)
 g - a +1 helmet (worn)
Potions
 f - a potion of mutation


   Skills:
 * Level 2.0 Dodging
 + Level 2.3 Stealth
 + Level 0.2 Unarmed Combat
 * Level 2.6 Spellcasting
 + Level 1.0 Transmutations
 + Level 3.8 Earth Magic


You had 4 spell levels left.
You knew the following spells:

 Your Spells              Type           Power      Damage    Failure   Level
a - Sandblast             Erth           20%        2d7       5%          1
b - Passwall              Tmut/Erth      5%         N/A       14%         2

Your spell library contained the following spells:

 Spells                   Type           Power      Damage    Failure   Level
 Stone Arrow              Conj/Erth      12%        3d7       34%         3
 Petrify                  Tmut/Erth      7%         N/A       67%         4


Dungeon Overview and Level Annotations

Branches:
Dungeon (2/15)

Altars:

Annotations:
D:1 Robin


Innate Abilities, Weirdness & Mutations

You are immune to poison.
You have sharp fingernails.
Your flesh is cold resistant. (rC+)
You are immune to negative energy. (rN+++)
You do not regenerate when monsters are visible.
You are immune to unholy pain and torment.
You thrive by killing the living.


Message History

The goblin hits you but does no damage.
You barely miss the goblin. Robin closely misses you.
The goblin hits you but does no damage. x2
You scratch the goblin but do no damage.
The goblin closely misses you. x2
Your magical contamination has completely faded away.
You scratch the goblin.
You kill the goblin!
You feel better. Robin throws the goblin at you!
The goblin hits you with a +0 club.
You scratch the goblin.
The goblin is severely wounded.
Robin says, "My goblins will feast on your bones."
Robin hits you from afar with a +0 spear.
The goblin closely misses you.
You scratch the goblin.
You kill the goblin!
Robin hits you from afar with a +0 spear.
* * * LOW HITPOINT WARNING * * *
It was a potion of mutation.
You feel extremely strange.
Your body decomposes!
You feel weakened.
Robin hits you from afar with a +0 spear.
* * * LOW HITPOINT WARNING * * *
It was a potion of curing.
You feel better. Robin hits you but does no damage.
Magic courses through your body.
Robin hits you from afar with a +0 spear.
Aiming: Sandblast (safe; 5% risk of failure)
Press: ? - help, Q - select action, (/) - cycle Shift-Dir - straight line, f - Robin
Aim: Robin, wielding a +0 spear, wearing a +0 animal skin and wearing a +0 helmet (85% to hit)
The blast of sand hits Robin.
Robin is lightly wounded.
Robin hits you from afar with a +0 spear.
* * * LOW HITPOINT WARNING * * *
Aiming: Sandblast (safe; 5% risk of failure)
Press: ? - help, Q - select action, (/) - cycle Shift-Dir - straight line, f/p - Robin
Aim: Robin, wielding a +0 spear, wearing a +0 animal skin and wearing a +0 helmet (lightly wounded, 85% to hit)
The blast of sand hits Robin.
Robin is moderately wounded.
Robin hits you from afar with a +0 spear.
You die...

#.........# #.#######.# #.#
##.####### #.# #........# ######
#.# #........###########.....
#.# ##..)..............##.....
#.# #.........########.##.....
#.# #.####.#####.#####.##.....
#.# #.>†.)....................
#.# ##)###.#####)###...##.....
#.# ####.#...g)@)..# #...##.....
#.# #........#####.###...###....
#.# #........##..........# ###.#
#.# #........##.##)###########.#
#.###........##)##.##....).)##.#
#...'........##.##....#####..#.#
#####...............###...##.#.#
#.......###.##.###.....#.#..
#.......###....# #..<..#.###
#...#.......##.###.....#....
#...#.########...##...##.#.#


You could see Robin.

Vanquished Creatures
  2 gnolls (D:1)
  An adder (D:1)
  A ball python (D:1)
  6 goblins (D:1)
  4 hobgoblins
  2 kobolds (D:1)
  A frilled lizard (D:1)
17 creatures vanquished.

Notes
Turn   | Place    | Note
-------+----------+-------------------------------------------
     0 | D:1      | om the Ghoul Earth Elementalist began the quest for the
                  | Orb.
     0 | D:1      | Reached XP level 1. HP: 14/14 MP: 2/2
    73 | D:1      | Reached XP level 2. HP: 11/20 MP: 0/4
   213 | D:1      | Learned a level 2 spell: Passwall
   636 | D:1      | Reached skill level 1 in Transmutations
   636 | D:1      | Reached XP level 3. HP: 26/26 MP: 0/5
   918 | D:2      | Noticed Robin
  1088 | D:1      | Slain by Robin

Illustrated notes

Levels and vault maps discovered:
D:1:      noname_arrival_rooms_in_the_neighbourhood, layout_basic,
          serial_park_tiny_2
D:2:      wad_crossroads, layout_rooms, basic_altar,
          ebering_ecumenical_altar_abandoned, nicolae_figureground_sparkle,
          uniq_robin

Skill      XL: |  1  2 |
---------------+-------+-----
Spellcasting   | 2 |  2.6
Dodging        | 2 |  2.0
Transmutations | 1 |  1.0
Stealth        | |  2.3
Unarmed Combat | |  0.2
Earth Magic    | |  3.8

Action                   || total
-------------------------++-------
Melee: Unarmed           ||    26
 Cast: Sandblast         ||    25
  Use: Potion            ||     3
       Scroll            ||     1
Armor: Robe              ||    23
Dodge: Dodged            ||    45

Table legend: (Time is in decaauts)
 A = Elapsed time spent in this place.
 B = Non-inter-level travel time spent in this place.
 C = Inter-level travel time spent in this place.
 D = Time resting spent in this place.
 E = Time spent auto-exploring this place.
 F = Levels seen in this place.
 G = Mean time per level.
                   A        B        C        D        E       F      G
               +--------+--------+--------+--------+--------+-----+--------+
         Total |   1090 |   1052 |     38 |    276 |    582 |   2 |  545.0 |
       Dungeon |   1090 |   1052 |     38 |    276 |    582 |   2 |  545.0 |
               +--------+--------+--------+--------+--------+-----+--------+

Top non-repeatable levels by time:
     D:1: 1037 daAuts
     D:2: 53 daAuts
